 Dungeon Crawl Stone Soup version 0.28-a0-1074-g3cb2360906 (webtiles) character file.

Game seed: 13410294642041207452

4 Peloso the Shield-Bearer (level 1, -1/20 HPs)
             Began as a Minotaur Fighter on Dec 9, 2021.
             Succumbed to an adder's poison
             ... on level 2 of the Dungeon.
             The game lasted 00:00:12 (91 turns).

Peloso the Shield-Bearer (Minotaur Fighter)           Turns: 91, Time: 00:00:13

Health: -1/20      AC:  7    Str: 20    XL:     1   Next: 50%
Magic:  0/0        EV:  9    Int:  5    God:
Gold:   16         SH:  4    Dex:  9    Spells: 0/0 levels left

rFire   . . .      SeeInvis .   a - +0 long sword
rCold   . . .      Faith    .   c - +0 buckler
rNeg    . . .      Spirit   .   b - +0 scale mail
rPois   .          Reflect  .   (helmet restricted)
rElec   .          Harm     .   (no cloak)
rCorr   .          Rampage  .   (no gloves)
Will    .....                   (no boots)
Stlth   ..........              (no amulet)
HPRegen 0.06/turn               (no ring)
MPRegen 0.07/turn               (no ring)

@: lethally poisoned (-1 -> -8)
A: horns 2, retaliatory headbutt
a: no special abilities


You were on level 2 of the Dungeon.
You visited 1 branch of the dungeon, and saw 2 of its levels.

You collected 16 gold pieces.

Inventory:

Hand Weapons
 a - a +0 long sword (weapon)
Armour
 b - a +0 scale mail (worn)
 c - a +0 buckler (worn)
Scrolls
 e - a scroll of enchant weapon {unknown}
Potions
 d - a potion of might


   Skills:
 + Level 3.7 Fighting
 + Level 2.4 Long Blades
 + Level 3.7 Armour
 + Level 3.8 Shields


You couldn't memorise any spells.
You didn't know any spells.
Your spell library was empty.

Dungeon Overview and Level Annotations

Branches:
Dungeon (1/15)

Altars:


Innate Abilities, Weirdness & Mutations

You have a pair of horns on your head.
You reflexively headbutt those who attack you in melee.


Message History

You headbutt the giant cockroach!
You kill the giant cockroach!
Found a stone staircase leading down.
A sudden malevolence fills the Dungeon...
You fall into a shaft and drop 1 floor!
The shaft crumbles and collapses.
An adder and a rat come into view.
There are monsters nearby!
The rat barely misses you.
You completely miss the rat. The adder bites you but does no damage.
The rat bites you but does no damage. The adder bites you. The rat bites you.
You hit the rat.
You kill the rat!
The adder bites you but does no damage. The adder bites you. x2
You hit the adder. Your headbutt misses the adder.
The adder is moderately wounded.
The adder bites you.
You closely miss the adder.
The adder is moderately wounded.
The adder bites you.
You are lethally poisoned!
The adder poisons you! The adder bites you but does no damage.
You barely miss the adder. Your headbutt misses the adder.
The adder is moderately wounded.
* * * LOW HITPOINT WARNING * * *
You feel very sick. The adder barely misses you. You furiously retaliate!
You headbutt the adder. The adder bites you.
* * * LOW HITPOINT WARNING * * *
You are more poisoned.
The adder poisons you!
You miss the adder. Your headbutt misses the adder.
The adder is almost dead.
* * * LOW HITPOINT WARNING * * *
You feel very sick. The adder bites you but does no damage.
The adder closely misses you.
You hit the adder but do no damage.
The adder is almost dead.
You die...

.... #....#
....####+#....#
.............#
#...........#
#...........#
#...........#
#.......S...#
#........@..#
#...........#
#.......#####
######+##


You could see an adder.

Vanquished Creatures
  A giant cockroach (D:1)
  A hobgoblin (D:1)
  2 rats
4 creatures vanquished.

Notes
Turn   | Place    | Note
-------+----------+-------------------------------------------
     0 | D:1      | Peloso the Minotaur Fighter began the quest for the Orb.
     0 | D:1      | Reached XP level 1. HP: 19/19 MP: 0/0
    79 | D:1      | You fall into a shaft and drop 1 floor!
    90 | D:2      | HP: 1/20 [poisoned by an adder]
    91 | D:2      | Succumbed to an adder's poison

Illustrated notes

Levels and vault maps discovered:
D:1:      grunt_arrival_crossed_arrows, layout_rooms,
          nicolae_ecumenical_snake_handling
D:2:      layout_basic

Action                   || total
-------------------------++-------
Melee: Long sword        ||     9
       Headbutt          ||     1
Armor: Scale mail        ||     5
Dodge: Dodged            ||     5
Block: Buckler           ||     2

Table legend: (Time is in decaauts)
 A = Elapsed time spent in this place.
 B = Non-inter-level travel time spent in this place.
 C = Inter-level travel time spent in this place.
 D = Time resting spent in this place.
 E = Time spent auto-exploring this place.
 F = Levels seen in this place.
 G = Mean time per level.
                   A        B        C        D        E       F      G
               +--------+--------+--------+--------+--------+-----+--------+
         Total |     93 |     93 |      0 |      0 |     62 |   2 |   46.5 |
       Dungeon |     93 |     93 |      0 |      0 |     62 |   2 |   46.5 |
               +--------+--------+--------+--------+--------+-----+--------+

Top non-repeatable levels by time:
     D:1: 79 daAuts
     D:2: 13 daAuts
